 Dungeon Sprint DCSS version 0.29.1-12-g30fa7ad0bf (webtiles) character file.

Game seed: 7235665471982678967

91 Groucho the Sneak (level 4, -4/19 HPs)
             Began as a Felid Transmuter on Jan 8, 2023.
             Was a Follower of Uskayaw.
             Slain by a gnoll sergeant
             ... wielding a +0 trident
              (9 damage)
             ... in the Dungeon (Sprint VII: "The Pits").
             The game lasted 00:02:39 (634 turns).

Groucho the Sneak (Felid Transmuter)                 Turns: 634, Time: 00:02:40

Health: -4/19      AC:  1    Str:  8    XL:     4   Next: 34%
Magic:  10/11      EV: 18    Int: 14    God:    Uskayaw [*.....]
Gold:   0          SH:  0    Dex: 16    Spells: 7/11 levels left
                                        Lives:  0   Deaths: 1

rFire   . . .      SeeInvis +     - Unarmed
rCold   . . .      Faith    .   (shield unavailable)
rNeg    . . .      Spirit   .   (body armour unavailable)
rPois   .          Reflect  .   (helmet unavailable)
rElec   .          Harm     .   (cloak unavailable)
rCorr   .          Rampage  .   (gloves unavailable)
Will    .....      NoTele   +   (boots unavailable)
Stlth   ++++......              (no amulet)
HPRegen 0.06/turn               (no ring)
MPRegen 0.12/turn               (no ring)

@: appendages, quick
A: horns 2, very small, claws 1, fangs 3, see invisible, speed 1, shaggy fur 1,
stealthy paws, no weapons or thrown items, no armour, multi-lived
a: End Transformation, Renounce Religion, Stomp


You were in the Dungeon.
You worshipped Uskayaw.
Uskayaw was noncommittal.
You had temporarily grown beastly horns.
You visited 1 branch

Inventory:

Scrolls
 g - a scroll of blinking
 i - 5 scrolls of amnesia
 j - a scroll of summoning
Potions
 a - a potion of lignification
 b - 5 potions of heal wounds
 c - 5 potions of curing
 d - a potion of haste
 e - 4 potions of magic
 f - 2 potions of berserk rage
 h - a potion of invisibility


   Skills:
 + Level 1.9 Fighting
 + Level 3.6 Dodging
 * Level 7.6 Stealth
 * Level 5.2 Unarmed Combat
 + Level 4.0 Spellcasting
 * Level 5.1 Transmutations
 + Level 1.3 Poison Magic
 + Level 1.4 Invocations


You had 7 spell levels left.
You knew the following spells:

 Your Spells              Type           Power      Damage    Failure   Level
a - Beastly Appendage     Tmut           34%        N/A       2%          1
b - Spider Form           Tmut/Pois      11%        N/A       16%         3

Your spell library contained the following spells:

 Spells                   Type           Power      Damage    Failure   Level
 Wereblood                Tmut           17%        N/A       3%          2
 Ice Form                 Ice/Tmut       10%        N/A       56%         4


Dungeon Overview and Level Annotations

Branches:
Dungeon (1/1)

Altars:
Ashenzari
Cheibriados
Dithmenos
Elyvilon
Fedhas
Gozag
Hepliaklqana
Kikubaaqudgha
Makhleb
Nemelex Xobeh
Okawaru
Qazlal
Ru
Sif Muna
Trog
Uskayaw
Vehumet
Wu Jian
Xom
Yredelemnul
Zin
The Shining One
Jiyva
Lugonu


Innate Abilities, Weirdness & Mutations

You have temporarily grown beastly horns.
You have sharp claws.
You have razor-sharp teeth.
You have supernaturally acute eyesight. (SInv)
You cover ground quickly. (Speed+)
You are covered in fur. (AC +1)
Your paws help you pounce on unaware monsters.
You are incapable of wielding weapons or throwing items.
You cannot wear armour.
You gain extra lives every three experience levels.


Message History

You are too injured to fight recklessly!
You are too injured to fight recklessly!
You are too injured to fight recklessly!
The gnoll closely misses you.
You see here a +0 club.
You scratch the gnoll but do no damage. You headbutt the gnoll.
Your bite misses the gnoll.
The gnoll is severely wounded.
The gnoll seems less confused.
The gnoll completely misses you.
You scratch the gnoll.
You kill the gnoll!
Your Spellcasting skill increases to level 4!
Things that are here:
a +0 whip; a +0 whip; a gnoll corpse
There is an open door here.
You close the door.
You start resting.
Your transformation is almost over.
Your horns disappear.
Magic restored.
You start resting.
A gnoll sergeant opens the door.
It is wielding a +0 trident.
A gnoll sergeant is nearby!
A gnoll sergeant is nearby!
A gnoll sergeant is nearby!
Casting: Beastly Appendage (safe; 2% risk of failure)
Confirm with . or Enter, or press ? or * to list all spells.
You grow a pair of large bovine horns.
The gnoll sergeant shouts!
The gnoll sergeant closely misses you. The gnoll sergeant closely misses you.
You barely miss the gnoll sergeant.
You claw the gnoll sergeant, but do no damage.
The gnoll sergeant hits you with a +0 trident.
* * * LOW HITPOINT WARNING * * *
You barely miss the gnoll sergeant.
Your headbutt misses the gnoll sergeant.
You bite the gnoll sergeant, but do no damage.
The gnoll sergeant hits you with a +0 trident!
You die...

############
#_________.#
#_________.#
#_______...#########
##########'##.......
#.?(.')))'.##......#
##########.##.......
#.g@........'.......
#'#####'#####......#
#.#[[#..†..##.......
#.#))#####'#####'###
#.#))#†....##.......
#)#))#.....##.......
#)#..###)####.......
#.##'#.....##...<...
#.#........##.......


You could see a gnoll sergeant.

Vanquished Creatures
  A scorpion (D)
  A jelly (D)
  3 gnolls (D)
  An ufetubus (D)
  An adder skeleton (D)
  An endoplasm (D)
  2 hobgoblins (D)
  A kobold (D)
  2 quokkas (D)
13 creatures vanquished.

Notes
Turn   | Place    | Note
-------+----------+-------------------------------------------
     0 | D        | Groucho the Felid Transmuter began the quest for the Orb.
     0 | D        | Reached XP level 1. HP: 9/9 MP: 4/4
    14 | D        | Reached skill level 1 in Stealth
    37 | D        | Found a bloodstained altar of Trog.
    37 | D        | Found a shimmering blue altar of Sif Muna.
    37 | D        | Found a viscous altar of Jiyva.
    37 | D        | Found a hazy altar of Hepliaklqana.
    37 | D        | Found an opulent altar of Gozag.
    38 | D        | Found a glowing golden altar of the Shining One.
    38 | D        | Found a glowing silver altar of Zin.
    38 | D        | Found a basalt altar of Yredelemnul.
    38 | D        | Found a shimmering altar of Xom.
    38 | D        | Found an ornate altar of the Wu Jian Council.
    38 | D        | Found a sacrificial altar of Ru.
    38 | D        | Found a stormy altar of Qazlal.
    38 | D        | Found an iron altar of Okawaru.
    38 | D        | Found a sparkling altar of Nemelex Xobeh.
    38 | D        | Found a burning altar of Makhleb.
    38 | D        | Found a blossoming altar of Fedhas.
    38 | D        | Found a white marble altar of Elyvilon.
    38 | D        | Found a shadowy altar of Dithmenos.
    38 | D        | Found a snail-covered altar of Cheibriados.
    40 | D        | Found a radiant altar of Vehumet.
    40 | D        | Found a corrupted altar of Lugonu.
    41 | D        | Found a hide-covered altar of Uskayaw.
    41 | D        | Found an ancient bone altar of Kikubaaqudgha.
    41 | D        | Found a broken altar of Ashenzari.
    49 | D        | Became a worshipper of Uskayaw the Reveller
    65 | D        | Noticed a scorpion
    70 | D        | Reached * piety under Uskayaw
    74 | D        | Reached ** piety under Uskayaw
    75 | D        | Killed a scorpion
    76 | D        | Reached skill level 6 in Stealth
    76 | D        | Reached XP level 2. HP: 12/12 MP: 4/7
    76 | D        | Reached XP level 3. HP: 15/15 MP: 5/9
   439 | D        | Learned a level 3 spell: Spider Form
   450 | D        | Reached XP level 4. HP: 12/19 MP: 8/10
   459 | D        | Splashed by a jelly's acid
   460 | D        | Reached XP level 3. HP: 0/15 MP: 9/9
   468 | D        | Reached skill level 7 in Stealth
   468 | D        | Reached skill level 1 in Poison Magic
   468 | D        | Reached skill level 1 in Invocations
   538 | D        | Reached skill level 5 in Unarmed Combat
   538 | D        | Reached XP level 4. HP: 12/19 MP: 10/10
   541 | D        | Reached *** piety under Uskayaw
   542 | D        | Reached skill level 5 in Transmutations
   546 | D        | Noticed a scorpion
   629 | D        | Noticed a gnoll sergeant
   634 | D        | Slain by a gnoll sergeant

Illustrated notes

Levels and vault maps discovered:
D:        pitsprint [storerooms_1, entrance_room_1, metal_vault_3, armoury_3,
          mini_pit_1, grid_room_1, main_hall_1, silver_pit, the_coven_2,
          the_vestibule_1, steel_vault_5, golden_pit, hallway_of_sentries,
          crystal_vault_3, iron_vault_2, final_vault]

Skill      XL: |  1  2  3  4 |
---------------+-------------+-----
Stealth        | 6 7 |  7.6
Unarmed Combat | 4 5 |  5.2
Spellcasting   | 3 4 |  4.0
Transmutations | 4 5 |  5.1
Dodging        | 3 |  3.6
Poison Magic   | 1 |  1.3
Invocations    | 1 |  1.4
Fighting       | |  1.9

Action                   |  1- 3 |  4- 6 || total
-------------------------+-------+-------++-------
Melee: Unarmed           |    22 |    19 ||    41
       Headbutt          |     2 |     3 ||     5
       Bite              |     1 |     3 ||     4
       Punch             |     1 |     1 ||     2
 Cast: Beastly Appendage |     6 |     2 ||     8
Invok: Line Pass         |       |     1 ||     1
  Use: Potion            |     4 |       ||     4
 Stab: Sleeping          |     1 |       ||     1
       Invisible         |       |     2 ||     2
       Paralysed         |       |     1 ||     1
Dodge: Dodged            |    23 |    11 ||    34
